 Dungeon Crawl Stone Soup version 0.31-a0-229-g1fc7ce93e2 (webtiles) character file.

Game seed: 4696226860421275148

65 qw the Shooter (level 4, -2/26 HPs)
             Began as a Gargoyle Hexslinger on July 6, 2023.
             Slain by an ogre
             ... wielding a +0 giant club
              (15 damage)
             ... on level 3 of the Dungeon.
             The game lasted 00:00:45 (1817 turns).

qw the Shooter (Gargoyle Hexslinger)                Turns: 1817, Time: 00:00:46

Health: -2/26      AC:  9    Str: 12    XL:     4   Next: 14%
Magic:  5/5        EV: 10    Int: 13    God:
Gold:   31         SH:  0    Dex: 14    Spells: 4/5 levels left

rFire   . . .        Y - +1 sling
rCold   . . .        (no shield)
rNeg    + . .        h - +0 ring mail
rPois   inf          (no helmet)
rElec   +            (no cloak)
rCorr   .            b - +0 pair of gloves
SInv    .            (no boots)
Will    .....        (no amulet)
Stlth   +            (no ring)
HPRegen 0.24/turn    (no ring)
MPRegen 0.09/turn

%: no passive effects
@: no status effects
A: sickness immunity, AC +3, negative energy resistance 1, electricity
resistance, torment resistance 1, petrification resistance
a: no special abilities


You were on level 3 of the Dungeon.
You visited 1 branch of the dungeon, and saw 3 of its levels.

You collected 71 gold pieces.
You spent 40 gold pieces at shops.


Innate Abilities, Weirdness & Mutations

You are immune to sickness and miasma.
Your stone body is resilient. (AC +3)
You are immune to poison.
You resist negative energy. (rN+)
You are resistant to electric shocks. (rElec)
You are resistant to unholy torment.
You are immune to petrification.


   Skills:
 - Level 2.0 Fighting
 - Level 3.9 Ranged Weapons
 + Level 0.1 Armour
 - Level 1.5 Dodging
 - Level 1.0 Spellcasting
 - Level 2.6 Hexes


You had 4 spell levels left.
You knew the following spells:

 Your Spells              Type           Power      Damage    Failure   Level
a - Slow                  Hex            28%        N/A       22%         1

Your spell library contained the following spells:

 Spells                   Type           Power      Damage    Failure   Level
 Inner Flame              Hex/Fire       4%         N/A       73%         3
 Portal Projectile        Hex/Tloc       8%         N/A       73%         3
 Cause Fear               Hex            3%         N/A       91%         4

Inventory:

Hand Weapons
 Y - a +1 sling (weapon)
Armour
 b - a +0 pair of gloves (worn)
 h - a +0 ring mail (worn)
Scrolls
 c - a scroll of butterflies {unknown}
 f - a scroll of identify
Potions
 a - a potion of heal wounds
 d - a potion of curing {unknown}

Dungeon Overview and Level Annotations

Branches:
Dungeon (3/15)

Altars:
The Shining One

Shops:
D:1 *?:?(


Message History

a +0 whip; a kobold corpse You open the gate.
There is an open gate here.
There is an open gate here.
c - a scroll labelled ZIESUN LUUFARU
Enter note: You open the gate.
There is an open gate here.
A goblin comes into view. It is wielding a +0 club.
The goblin shouts!
An ogre comes into view. It is wielding a +0 giant club.
Enter note: You shoot a sling bullet.
The sling bullet closely misses the goblin.
The ogre shouts!
You shoot a sling bullet.
The sling bullet barely misses the goblin.
You shoot a sling bullet. The sling bullet hits the goblin.
You kill the goblin!
You shoot a sling bullet.
The sling bullet hits the ogre but does no damage.
You shoot a sling bullet. The sling bullet hits the ogre.
The ogre is lightly wounded.
The ogre hits you but does no damage.
You shoot a sling bullet. The sling bullet hits the ogre.
The ogre is moderately wounded.
The ogre closely misses you.
You shoot a sling bullet.
The sling bullet barely misses the ogre.
The ogre barely misses you.
You shoot a sling bullet. The sling bullet hits the ogre.
The ogre is moderately wounded.
The ogre hits you with a +0 giant club!
Ouch! That really hurt!
You shoot a sling bullet.
The sling bullet hits the ogre but does no damage.
The ogre is moderately wounded.
The ogre hits you with a +0 giant club!
Ouch! That really hurt!
You die...

.. ..## ..... .#...##
....... .......
#######
....).O##.....#
.......@..#'''#
..........#...#
..........#...#
.......##.#...#
###.### #.#...# #.
#.#...# # #.#...#
#.#...#
##########.##########


You could see an ogre.

Vanquished Creatures
  An adder (D:2)
  3 dart slugs (D:1)
  3 bats
  4 endoplasms
  2 giant cockroaches
  6 goblins
  5 hobgoblins
  4 jackals (D:2)
  8 kobolds
  6 ball pythons
  2 rats
44 creatures vanquished.

Notes
Turn   | Place    | Note
-------+----------+-------------------------------------------
     0 | D:1      | qw the Gargoyle Hexslinger began the quest for the Orb.
     0 | D:1      | Reached XP level 1. HP: 12/12 MP: 2/2
     0 | D:1      | 0 ||| qw: Version: 0.3-a-46-gb1f654a
     0 | D:1      | 0 ||| qw: Game counter: 1558
     0 | D:1      | 0 ||| qw: Melee chars always use a shield: true
     0 | D:1      | 0 ||| qw: God list: Okawaru
     0 | D:1      | 0 ||| qw: Allow faded altars: false
     0 | D:1      | 0 ||| qw: Do Orc after clearing Dungeon:15 true
     0 | D:1      | 0 ||| qw: Do second Lair branch before Depths: true
     0 | D:1      | 0 ||| qw: Lair rune preference: random
     0 | D:1      | 0 ||| qw: Goals: Normal
     0 | D:1      | 0 ||| PLANNING D:1-11
    41 | D:1      | Reached XP level 2. HP: 16/16 MP: 3/3
   113 | D:1      | Found Yxihuip's Magic Scroll Shop.
   116 | D:1      | Found Taxkilla's Book Shop.
   149 | D:1      | 149 ||| SHOPLISTING scroll of identify (26 gold, have 25).
   149 | D:1      | 149 ||| SHOPLISTING scroll of teleportation (39 gold, have
                  | 25).
   179 | D:1      | Reached skill level 3 in Ranged Weapons
   272 | D:1      | Found Tidagui's Magic Scroll Shoppe.
   279 | D:1      | Found Wehoovem's Weapon Emporium.
   284 | D:1      | 284 ||| SHOPLISTING scroll of brand weapon (95 gold, have
                  | 49).
   284 | D:1      | 284 ||| SHOPLISTING scroll of enchant armour (75 gold, have
                  | 49).
   284 | D:1      | 284 ||| BUYING scroll of identify (20 gold).
   284 | D:1      | Bought a scroll of identify for 20 gold pieces
   284 | D:1      | 284 ||| BUYING scroll of identify (20 gold).
   284 | D:1      | Bought a scroll of identify for 20 gold pieces
   284 | D:1      | 284 ||| SHOPLISTING scroll of identify (20 gold, have 9).
   284 | D:1      | 284 ||| SHOPLISTING scroll of teleportation (30 gold, have
                  | 9).
   401 | D:1      | Found Gofomim's General Store.
   409 | D:1      | 409 ||| SHOPLISTING scroll of identify (22 gold, have 9).
   443 | D:1      | Reached XP level 3. HP: 21/21 MP: 4/4
   599 | D:1      | 599 ||| UPGRADING to +0 leather armour.
   609 | D:1      | 609 ||| DROPPING +0 robe.
   610 | D:1      | 610 ||| UPGRADING to +0 ring mail.
   620 | D:1      | 620 ||| DROPPING +0 leather armour.
   621 | D:1      | 621 ||| READING scroll labelled TETHIO ETET.
   622 | D:1      | 622 ||| READING 2 scrolls of identify.
   622 | D:1      | 622 ||| IDENTIFYING glowing inky potion
   623 | D:1      | 623 ||| DROPPING scroll of poison.
   624 | D:1      | 624 ||| DROPPING potion of attraction.
  1398 | D:2      | Reached XP level 4. HP: 26/26 MP: 5/5
  1586 | D:2      | 1586 ||| UPGRADING to +0 pair of gloves.
  1591 | D:2      | 1591 ||| READING scroll labelled OCUODW SIQEE.
  1692 | D:2      | 1692 ||| DRINKING 2 fizzy emerald potions.
  1710 | D:3      | Found a glowing golden altar of the Shining One.
  1808 | D:3      | Noticed an ogre
  1817 | D:3      | Slain by an ogre

Levels and vault maps discovered:
D:1:      amcnicky_arrival_flooded_fountain, layout_basic, serial_shops,
          nicolae_square_shop, shop, shop, nicolae_shop_tiny_waterfront, shop
D:2:      layout_basic, serial_glass, glass_columns_a, glass_columns_a
D:3:      layout_loops_ring, palyth_temple_overflow_mages,
          mainiacjoe_overflow_brackets, grunt_dithmenos_smoke,
          nicolae_overflow_ecumenical_swirl, grunt_ministairs_1, minivault_19,
          kennysheep_cross_bottleneck

Skill      XL: |  1  2  3 |
---------------+----------+-----
Ranged Weapons | 3 |  3.9
Fighting       | 2 |  2.0
Armour         | |  0.1
Dodging        | |  1.5
Spellcasting   | |  1.0
Hexes          | |  2.6

Action                     |  1- 3 |  4- 6 || total
---------------------------+-------+-------++-------
   Fire: Sling             |   180 |    26 ||   206
    Use: Scroll            |     2 |     1 ||     3
         Potion            |       |     1 ||     1
 Armour: Robe              |    17 |       ||    17
         Ring mail         |    50 |     2 ||    52
  Dodge: Dodged            |   103 |     5 ||   108

Table legend:
 A = Non-vault XP
 B = Vault XP
 C = Vault XP percentage of total XP
 D = Non-vault monster count
 E = Vault monster count
 F = Vault count percentage of total count
                 A         B        C        D         E       F
            +---------+---------+-------+---------+---------+-------
      Total |      94 |       0 |   0.0 |      44 |       0 |   0.0
            +---------+---------+-------+---------+---------+-------
        D:1 |      39 |       0 |   0.0 |      18 |       0 |   0.0
        D:2 |      52 |       0 |   0.0 |      24 |       0 |   0.0
        D:3 |       3 |       0 |   0.0 |       2 |       0 |   0.0
            +---------+---------+-------+---------+---------+-------
